Cogmind - Beta 17 @@@ ROGUE MODE // 2026.08.13 @ 12:59:17 Player: 4R-ZE3 Result: Destroyed by S-27 Virus with Autogun Performance ------------- Evolutions (6) 3000 Regions Visited (20) 4000 Robots Destroyed (251) 1255 Value Destroyed (9479) 9479 Prototype IDs (33) 660 Alien Tech Used (1) 200 Bonus (1302) 1302 TOTAL SCORE: 19896 Bonus ------- High Alert Combat Kills 434 Follower Combat Kills 327 Met Data Miner 300 Met Zhirov 300 Friendly Fire -59 Cogmind --------- Core Integrity 0/1150 Matter 284/300 Energy 99/100 System Corruption 11% Temperature Cool (0) Movement Core (50) Location -4/Upper Caves Parts ------- > --- POWER (2) -------- (None) > --- PROPULSION (8) --- (None) > --- UTILITY (6) ------ (None) > --- WEAPON (3) ------- (None) > --- INVENTORY (5) ---- Advanced Heat Sink Advanced Heat Sink Improved Focal Shield Advanced Thermal Shield Phase Gun Peak State ------------ > --- POWER ------------ Neutrino Core Light Antimatter Reactor > --- PROPULSION ------- Carbon-fiber Leg VSS Leg Improved Carbon-fiber Leg Flexi-carbon Leg Flexi-carbon Leg Flexi-carbon Leg Flexi-carbon Leg Thunder Leg > --- UTILITY ---------- Huge Storage Unit Improved Signal Interpreter Advanced ECM Suite Improved Focal Shield Advanced Thermal Shield Advanced Hacking Suite > --- WEAPON ----------- Heavy Plasma Cannon Cooled Plasma Cannon Cooled Plasma Cannon > --- INVENTORY -------- Improved Deuterium Engine Neutrino Core Armored Medium Treads Armored Medium Treads Carbon-fiber Leg Carbon-fiber Leg VSS Leg Advanced Power Amplifier Advanced Heat Sink Advanced Heat Sink Advanced Heat Sink Improved Signal Interpreter Weapon Mount Improved Particle Charger Particle Accelerator Improved Transmission Jammer Plasma Rifle Plasma Rifle Wave Gun Plasma Cannon Plasma Cannon Plasma Cannon Plasma Cannon Plasma Cannon Long-range Missile Launcher [Rating: 105] Favorites ----------- Power Improved Deuterium Engine Engine Improved Deuterium Engine Power Core Neutrino Core Reactor Light Antimatter Reactor Propulsion Light Treads Treads Light Treads Leg Flexi-carbon Leg Wheel Wheel Utility High-capacity Storage Unit Device Improved Sensor Array Storage High-capacity Storage Unit Processor Improved Signal Interpreter Hackware Advanced Hacking Suite Protection Improved Medium Armor Plating Weapon Cooled Plasma Cannon Energy Gun Cooled Pulse Rifle Energy Cannon Cooled Plasma Cannon Ballistic Gun Improved Assault Rifle Launcher Long-range Missile Launcher Build | -11 -10 -10 -9 -9 -8 -7 -7 -7 -7 -6 -6 -6 -5 -5 -5 -5 -4 -4 -4 -4 ------- Run | Yrd Mat Min Mat Min Mat Fac Low Low Dat Pro Fac Ext Fac Upp Upp Zhi Pro Fac Upp Upp Slots Evolved 12 | . . . 2 . 2 2 . . . . 2 . 2 . . . . 2 . . Power 1 | . . . . . . . . . . . . . 1 . . . . . . . Propulsion 6 | . . . 1 . . 1 . . . . 2 . 1 . . . . 1 . . Utility 4 | . . . . . 2 1 . . . . . . . . . . . 1 . . Weapon 1 | . . . 1 . . . . . . . . . . . . . . . . . Parts Attached 173 | 6 5 4 14 7 17 29 2 8 1 1 23 13 8 3 4 4 3 21 . . Power 20 | 1 1 1 . 1 1 3 . 1 . . 1 . 1 . 2 . 2 5 . . Engine 13 | 1 1 1 . 1 1 2 . 1 . . 1 . 1 . 2 . 1 . . . Core 6 | . . . . . . 1 . . . . . . . . . . 1 4 . . Reactor 1 | . . . . . . . . . . . . . . . . . . 1 . . Propulsion 56 | 2 1 2 5 3 8 4 1 2 . . 8 10 . . 1 . 1 8 . . Treads 30 | 2 1 . 5 3 8 4 1 2 . . 2 . . . . . . 2 . . Leg 24 | . . . . . . . . . . . 6 10 . . 1 . 1 6 . . Wheel 2 | . . 2 . . . . . . . . . . . . . . . . . . Hover . | . . . . . . . . . . . . . . . . . . . . . Flight . | . . . . . . . . . . . . . . . . . . . . . Utility 57 | 1 2 1 1 . 5 14 1 4 . . 8 2 5 2 1 4 . 6 . . Device 32 | . . . 1 . 2 5 1 1 . . 6 2 4 2 1 2 . 5 . . Storage 4 | 1 1 . . . . 1 . . . . . . 1 . . . . . . . Processor 5 | . . . . . . 2 . 2 . . 1 . . . . . . . . . Hackware 2 | . . . . . 1 . . . . . . . . . . . . 1 . . Protection 14 | . 1 1 . . 2 6 . 1 . . 1 . . . . 2 . . . . Artifact . | . . . . . . . . . . . . . . . . . . . . . Weapon 40 | 2 1 . 8 3 3 8 . 1 1 1 6 1 2 1 . . . 2 . . Energy Gun 15 | 1 1 . 1 . 2 7 . 1 1 1 . . . . . . . . . . Energy Cannon 12 | . . . 1 . . . . . . . 6 1 2 . . . . 2 . . Ballistic Gun 9 | 1 . . 6 1 1 . . . . . . . . . . . . . . . Ballistic Cannon . | . . . . . . . . . . . . . . . . . . . . . Launcher 4 | . . . . 2 . 1 . . . . . . . 1 . . . . . . Special Weapon . | . . . . . . . . . . . . . . . . . . . . . Impact Weapon . | . . . . . . . . . . . . . . . . . . . . . Slashing Weapon . | . . . . . . . . . . . . . . . . . . . . . Piercing Weapon . | . . . . . . . . . . . . . . . . . . . . . Special Melee Weapon . | . . . . . . . . . . . . . . . . . . . . . Unidentified Prototypes 12 | . . . 3 . 2 2 . . . . . . 1 . . 3 . 1 . . Parts Lost 70 | . 2 3 2 1 2 7 2 6 . 4 4 5 . . 1 . 4 26 . 1 Power 11 | . 1 . . . 1 2 . . . . . 1 . . . . 1 5 . . Propulsion 24 | . . 2 . 1 . 1 1 2 . 1 2 1 . . 1 . 1 11 . . Utility 22 | . . 1 1 . 1 3 1 3 . . 2 2 . . . . 2 5 . 1 Weapon 13 | . 1 . 1 . . 1 . 1 . 3 . 1 . . . . . 5 . . Highest Loss Streak 8 | . 1 2 1 1 1 1 2 2 . 4 2 3 . . 1 . 3 8 . 1 To Critical Strikes . | . . . . . . . . . . . . . . . . . . . . . Average Backups 18 | 1 3 6 18 19 19 20 22 19 18 16 17 19 21 24 24 24 23 22 5 5 Power 1 | . . . 1 1 1 1 1 1 1 1 1 1 . . 1 1 1 1 . . Propulsion 3 | . . . 2 4 3 4 5 3 3 2 1 5 7 7 6 5 4 3 . . Utility 5 | . . 2 3 5 4 4 5 4 4 4 7 5 8 10 10 11 11 10 4 4 Weapon 8 | . 1 2 10 9 10 10 11 10 10 8 8 6 6 7 6 6 6 7 . 1 Tool/Special . | . . . . . . . . . . . . . . . . . . . . . Unused Backups 34 | . . . 3 2 3 9 . . . . 2 1 . . . 1 . 10 . 3 Power 3 | . . . . . 1 1 . . . . 1 . . . . . . . . . Propulsion 2 | . . . . . . . . . . . . . . . . 1 . 1 . . Utility 8 | . . . . . 1 . . . . . 1 . . . . . . 4 . 2 Weapon 21 | . . . 3 2 1 8 . . . . . 1 . . . . . 5 . 1 Tool/Special . | . . . . . . . . . . . . . . . . . . . . . Average Slot Usage (%) 94 | . 98 99 97 99 98 99 99 99 79 99 97 91 92 94 91 93 86 88 2 4 Engine 7 | . 14 14 11 11 7 5 7 7 7 7 6 6 10 11 9 11 9 . . . Treads 19 | . 28 20 29 32 27 29 30 29 30 29 25 . . . . . . . . . Leg 11 | . . . . . . . . . . . 12 33 35 35 35 35 34 34 . . Device 12 | . . . 6 11 9 14 14 16 7 13 18 13 16 17 17 14 10 12 2 4 Storage 7 | . 16 14 11 11 9 7 7 7 7 7 6 6 5 5 5 5 5 5 . . Processor 3 | . . . . . . 6 . . 15 15 6 6 5 5 5 5 5 5 . . Protection 5 | . 10 14 4 . 12 8 15 12 7 1 . 3 . . . 2 . . . . Energy Gun 10 | . 21 28 2 . . 22 23 22 2 18 1 . . . . . . . . . Energy Cannon 5 | . . . . . . . . . . . 17 20 16 13 11 11 11 13 . . Ballistic Gun 4 | . 6 . 29 30 26 . . . . . . . . . . . . . . . Peak Build Rating 105 | 6 7 12 25 25 32 51 51 49 43 44 73 73 84 83 84 87 85 105 9 9 Average Rating 49 | 4 6 10 22 24 29 46 49 46 31 40 53 69 80 82 81 84 78 90 5 8 On Entrance 42 | . 6 7 12 25 25 32 50 49 44 43 39 72 69 84 83 84 85 71 2 9 Avg Prop Armor Cover (%) 4 | . . . 9 . . . . . . . 4 . . . . . . 8 . . Naked Turns 85 | . . . . . . . . . . . . . . . . . . 3 71 11 Heaviest Build 142 | 11 51 55 61 59 67 120 119 134 84 84 131 95 129 131 131 134 128 142 1 1 Greatest Support 148 | 40 40 40 60 60 60 82 82 80 80 80 120 113 131 131 131 128 128 148 3 3 Greatest Overweight (x) 5 | . 1 5 2 1 1 1 1 1 1 1 1 . . . 1 1 1 3 . . Average Overweight (x) . | . . 1 . . . . 1 1 . . . . . . . . . . . . Largest Inventory Capacity 25 | 8 20 20 20 20 20 25 25 25 20 20 25 20 25 25 25 25 25 25 5 5 Average Capacity 21 | 6 18 20 20 20 20 20 25 22 20 20 20 20 23 25 25 25 25 24 5 5 Most Carried 25 | 2 6 7 20 20 20 24 24 22 19 18 23 20 25 25 25 25 24 25 5 5 Average Carried 18 | 1 3 6 18 19 19 20 22 19 18 16 17 19 21 24 24 24 23 22 4 5 Final Capacity 25 | 8 20 20 20 20 20 25 25 20 20 20 20 20 25 25 25 25 25 5 5 5 Final Carried 25 | 2 4 7 20 20 20 22 22 19 17 14 20 20 24 25 25 24 24 5 5 5 Class Distribution -------------------- 24% | Scavenger-Skirmisher 18% | Skirmisher 15% | Scavenger-Tank 13% | Mutant 11% | Scavenger-Gunner 11% | Tank Dominant Class ---------------- Mutant | -10/Materials Mutant | -10/Mines Scavenger-Gunner | -9/Materials Scavenger-Gunner | -9/Mines Scavenger-Tank | -8/Materials Skirmisher | -7/Factory Tank | -7/Lower Caves Scavenger-Tank | -7/Lower Caves Scavenger-Mutant | -7/Data Miner Scavenger-Skirmisher | -6/Proximity Caves Scavenger-Skirmisher | -6/Factory Tank | -6/Extension Scavenger-Skirmisher | -5/Factory Scavenger-Skirmisher | -5/Upper Caves Scavenger-Skirmisher | -5/Upper Caves Scavenger-Skirmisher | -5/Zhirov Scavenger-Skirmisher | -4/Proximity Caves Scavenger-Tank | -4/Factory Mutant | -4/Upper Caves Mutant | -4/Upper Caves Resources | -11 -10 -10 -9 -9 -8 -7 -7 -7 -7 -6 -6 -6 -5 -5 -5 -5 -4 -4 -4 -4 ----------- Run | Yrd Mat Min Mat Min Mat Fac Low Low Dat Pro Fac Ext Fac Upp Upp Zhi Pro Fac Upp Upp Matter Collected 4715 | 226 97 45 475 264 644 760 96 159 . 227 331 180 . 316 154 . 233 498 10 . Remotely . | . . . . . . . . . . . . . . . . . . . . . Salvage Created 9541 | . 181 199 871 184 1122 2029 247 696 . 231 752 908 . 365 20 . 150 1586 . . Parts 464 | . 8 10 56 13 51 117 9 24 . 6 33 33 . 21 4 . 10 69 . . Haulers Intercepted 11 | . 1 . 5 . 3 2 . . . . . . . . . . . . . . Recyclers Shooed 5 | . . . 3 . . . . . . . . 1 . . . . . 1 . . Parts Field Recycled . | . . . . . . . . . . . . . . . . . . . . . Retrieved Matter . | . . . . . . . . . . . . . . . . . . . . . Parts Self-Destructed 58 | . . . . . . . 11 14 . 5 . . . 18 2 . 8 . . . Prevented 1 | . . . . . . . 1 . . . . . . . . . . . . . Parts Restored . | . . . . . . . . . . . . . . . . . . . . . Kills | -11 -10 -10 -9 -9 -8 -7 -7 -7 -7 -6 -6 -6 -5 -5 -5 -5 -4 -4 -4 -4 ------- Run | Yrd Mat Min Mat Min Mat Fac Low Low Dat Pro Fac Ext Fac Upp Upp Zhi Pro Fac Upp Upp Combat Hostiles Destroyed 227 | . 4 4 13 26 16 41 5 13 . 8 20 13 . 16 3 . 14 31 . . Melee 2 | . . . . . . . . . . . 2 . . . . . . . . . Guns 101 | . 3 4 13 8 16 36 5 11 . 5 . . . . . . . . . . Cannons 58 | . . . . . . . . . . . 16 12 . 7 . . . 23 . . AOE 52 | . . . . 18 . 3 . . . 3 . . . 9 3 . 14 2 . . Classes Destroyed 18 | . 2 1 4 1 3 3 . 2 . 1 . 1 . . . . . . . . Worker 9 | . . . . . . 5 . . . . 1 . . . . . . 3 . . Builder 4 | . . . . . . 2 . . . . . . . . . . . 2 . . Hauler 11 | . 1 . 5 . 3 2 . . . . . . . . . . . . . . Recycler 5 | . . . . . 1 2 . . . . . 1 . . . . . 1 . . Mechanic 2 | . . 1 . . . . . . . . . . . . . . . 1 . . Operator 6 | . . . 1 . 1 2 . . . . . 1 . . . . . 1 . . Drone 2 | . . . . . . . . . . 2 . . . . . . . . . . Watcher 4 | . . . . . 1 1 . . . . . 1 . . . . . 1 . . Swarmer 87 | . . . 2 9 . 16 . 3 . 3 11 3 . 12 3 . 11 14 . . Grunt 64 | . 4 4 5 . 11 10 4 6 . 3 5 3 . 2 . . . 7 . . Brawler 2 | . . . . . . . . 1 . . . 1 . . . . . . . . Duelist 6 | . . . 1 . 2 1 . . . . 1 . . 1 . . . . . . Sentry 18 | . . . 5 . 2 5 . . . . 1 2 . 1 . . 1 1 . . Hunter 5 | . . . . . 1 . . . . . . 2 . . . . . 2 . . Programmer 21 | . . . . . . 9 1 . . . 2 . . . . . 2 7 . . Behemoth 2 | . . . . . . . . . . . . 2 . . . . . . . . Samaritan 2 | . . . . . . . . 2 . . . . . . . . . . . . Assembled 17 | . . . . 17 . . . . . . . . . . . . . . . . Thug 1 | . . . . . . . . 1 . . . . . . . . . . . . Butcher 2 | . . . . . . . . 2 . . . . . . . . . . . . Best Kill Streak 22 | . 2 2 4 22 4 7 4 4 . 3 6 4 . 4 3 . 5 12 . . Combat Bots Only 22 | . 2 1 4 22 4 5 4 4 . 3 5 3 . 4 3 . 5 9 . . Max Kills in Single Turn 5 | . 1 1 1 4 1 2 2 3 . 3 1 1 . 3 2 . 4 5 . . Gunslinging 2 | . . . . 1 . 1 1 2 . . . . . . . . . . . . Exploded 4 | . . . . 4 . 2 . . . 3 . . . 3 2 . 4 2 . . Melee 1 | . . . . . . . . . . . 1 . . . . . . . . . Uniques/NPCs Destroyed . | . . . . . . . . . . . . . . . . . . . . . Combat | -11 -10 -10 -9 -9 -8 -7 -7 -7 -7 -6 -6 -6 -5 -5 -5 -5 -4 -4 -4 -4 -------- Run | Yrd Mat Min Mat Min Mat Fac Low Low Dat Pro Fac Ext Fac Upp Upp Zhi Pro Fac Upp Upp Hostile Shots Fired 1487 | . 31 45 45 46 111 311 22 59 . 41 135 126 3 46 30 . 45 318 25 48 Missed 475 | . 10 16 12 16 30 107 4 16 . 14 39 51 1 17 16 . 21 84 9 12 Hits 1012 | . 21 29 33 30 81 204 18 43 . 27 96 75 2 29 14 . 24 234 16 36 Melee 9 | . . . . 2 4 . . 2 . . 1 . . . . . . . . . Projectile 1003 | . 21 29 33 28 77 204 18 41 . 27 95 75 2 29 14 . 24 234 16 36 Critical Strikes 29 | . . 2 1 . 3 5 2 2 . 2 1 3 . . . . 1 6 . 1 Part Disruptions 2 | . . . . . . 1 . . . . . . . . . . 1 . . . Damage Taken 14760 | . 530 425 491 371 1092 2603 283 713 . 562 1412 1290 . 496 279 . 572 2787 300 554 Core 1849 | . 48 24 25 35 124 167 . 75 . 42 48 50 . 14 . . 40 335 300 522 Absorbed by Shields 780 | . . . . . . . . . . . . . . . . . . 780 . . Ignored by Resistances 739 | . . . . . . . . . . . 96 . . . . . . 643 . . Core Remaining (%) 82 | 100 . 71 . 85 77 . . . . 59 . 88 . . . . 94 . . . Volleys Fired 597 | . 22 19 42 23 61 111 9 26 . 13 71 39 8 33 5 . 18 97 . . Largest 3 | . 2 2 3 3 3 3 3 3 . 3 3 3 3 3 2 . 1 3 . . Hottest 270 | . 90 90 113 69 69 204 164 175 . 224 270 260 150 150 70 . 43 195 . . Shots Fired 1301 | . 43 38 121 43 183 260 26 82 . 28 94 108 10 57 7 . 18 183 . . Gun 803 | . 43 38 121 33 183 256 26 82 . 21 . . . . . . . . . . Cannon 442 | . . . . . . . . . . . 94 108 10 45 4 . . 181 . . Launcher 56 | . . . . 10 . 4 . . . 7 . . . 12 3 . 18 2 . . Special . | . . . . . . . . . . . . . . . . . . . . . Kinetic 353 | . 14 . 111 33 183 12 . . . . . . . . . . . . . . Thermal 892 | . 29 38 10 . . 244 26 82 . 21 94 108 10 45 4 . . 181 . . Explosive 56 | . . . . 10 . 4 . . . 7 . . . 12 3 . 18 2 . . Electromagnetic . | . . . . . . . . . . . . . . . . . . . . . Robot Hit Streak 28 | . 15 8 16 8 26 15 9 28 . 11 14 21 . 11 14 . 7 12 . . Robot Miss Streak 7 | . 2 2 3 3 2 3 1 3 . 3 4 2 3 5 2 . 1 7 . . Penetration Max . | . . . . . . . . . . . . . . . . . . . . . Secondary Targets 27 | . 1 1 3 2 4 7 2 5 . 2 . . . . . . . . . . Max Gunslinging Chain 2 | . 1 1 1 1 1 1 1 2 . 1 . . . . . . . . . . Shots Hit Robots 836 | . 34 31 80 29 137 164 18 57 . 18 44 70 . 26 3 . 12 113 . . Core Hits 454 | . 9 13 31 48 47 90 11 29 . 19 25 31 . 25 5 . 17 54 . . Critical Kills 6 | . . . . . . . . . . . 2 1 . . . . . 3 . . Critical Parts Destroyed . | . . . . . . . . . . . . . . . . . . . . . Critical Strikes 25 | . 2 . 1 . . 10 . 4 . 2 2 1 . . . . . 3 . . Burn 19 | . 2 . 1 . . 10 . 4 . 2 . . . . . . . . . . Meltdown 6 | . . . . . . . . . . . 2 1 . . . . . 3 . . Melee Attacks . | . . . . . . . . . . . . . . . . . . . . . Impact . | . . . . . . . . . . . . . . . . . . . . . Slashing . | . . . . . . . . . . . . . . . . . . . . . Piercing . | . . . . . . . . . . . . . . . . . . . . . Sneak Attacks . | . . . . . . . . . . . . . . . . . . . . . Combat Hostiles . | . . . . . . . . . . . . . . . . . . . . . Follow-up Attacks . | . . . . . . . . . . . . . . . . . . . . . Damage Inflicted 24631 | . 382 391 1191 1413 2047 4037 368 1288 . 637 1671 2596 . 1725 506 . 1438 4937 . 4 Guns 9993 | . 382 391 1191 342 2047 3645 368 1288 . 339 . . . . . . . . . . Cannons 8715 | . . . . . . . . . . . 1639 2460 . 796 . . . 3820 . . Explosions 5874 | . . . . 1071 . 392 . . . 298 . 136 . 929 506 . 1438 1104 . . Melee . | . . . . . . . . . . . . . . . . . . . . . Ramming 49 | . . . . . . . . . . . 32 . . . . . . 13 . 4 Kinetic 3709 | . 87 . 1103 342 2047 130 . . . . . . . . . . . . . . Thermal 16265 | . 295 391 88 . . 3639 368 1288 . 339 1639 2596 . 796 . . . 4826 . . Explosive 4608 | . . . . 1071 . 268 . . . 298 . . . 929 506 . 1438 98 . . Electromagnetic . | . . . . . . . . . . . . . . . . . . . . . Impact . | . . . . . . . . . . . . . . . . . . . . . Slashing . | . . . . . . . . . . . . . . . . . . . . . Piercing . | . . . . . . . . . . . . . . . . . . . . . Highest Corruption 11 | . . . . . 1 10 10 10 10 10 . . . . . . 3 11 11 11 Average Corruption 7 | . . . . . 1 6 10 10 10 10 . . . . . . 2 6 11 11 Corruption Purged . | . . . . . . . . . . . . . . . . . . . . . Corruption Blocked . | . . . . . . . . . . . . . . . . . . . . . Effects 245 | . . . . . 2 96 29 45 5 25 . . . . . . 6 27 4 6 Message Errors 51 | . . . . . . 20 4 10 1 8 . . . . . . 1 5 . 2 Matter Fused 57 | . . . . . . 25 8 7 . 7 . . . . . . 1 6 2 1 Heat Flow Errors 33 | . . . . . . 12 6 6 1 2 . . . . . . 1 4 1 . Energy Discharges 22 | . . . . . . 10 5 2 . . . . . . . . 1 2 . 2 Parts Rejected 2 | . . . . . . . . 1 . . . . . . . . . 1 . . Parts Fused 4 | . . . . . . 1 1 2 . . . . . . . . . . . . Data Loss (minor) 33 | . . . . . 1 13 4 6 1 4 . . . . . . . 2 1 1 Data Loss (major) 13 | . . . . . . 5 . 2 2 2 . . . . . . 2 . . . Misfires 17 | . . . . . . 5 1 6 . 1 . . . . . . . 4 . . Alerts 4 | . . . . . 1 1 . 2 . . . . . . . . . . . . Weapon Failures 9 | . . . . . . 4 . 1 . 1 . . . . . . . 3 . . Overload Shots 29 | . . . . . . 16 . . . 1 . . . 2 . . . 10 . . Effects 5 | . . . . . . 2 . . . . . . . 1 . . . 2 . . Energy Bleed 2 | . . . . . . 1 . . . . . . . . . . . 1 . . Heat Surge 3 | . . . . . . 1 . . . . . . . 1 . . . 1 . . Overflow Damage 747 | . . . . 11 . 63 . . . . 41 26 . 34 16 . 98 458 . . Projectiles 195 | . . . . . . . . . . . 41 20 . 27 . . . 107 . . Explosions 552 | . . . . 11 . 63 . . . . . 6 . 7 16 . 98 351 . . Melee . | . . . . . . . . . . . . . . . . . . . . . Knockbacks . | . . . . . . . . . . . . . . . . . . . . . Impact . | . . . . . . . . . . . . . . . . . . . . . Kinetic . | . . . . . . . . . . . . . . . . . . . . . Secondary . | . . . . . . . . . . . . . . . . . . . . . Self-Inflicted Damage 545 | . . . . 39 . 87 . . . 53 . 57 . 32 . . 146 129 . 2 Shots 13 | . . . . 1 . 1 . . . 3 . 1 . 1 . . 4 2 . . Rammed 5 | . . . . . . . . . . . 3 . . . . . . 1 . 1 Targets Rammed 7 | . . . . . . . . . . . 5 . . . . . . 1 . 1 Kicked . | . . . . . . . . . . . . . . . . . . . . . Crushed 2 | . . . . . . . . . . . 2 . . . . . . . . . Highest Temperature 348 | . 276 348 75 . 36 305 255 309 164 307 298 324 15 200 . . 229 340 189 . Average Temperature 77 | . 105 132 23 . 13 49 81 79 96 129 84 95 10 60 . . 123 62 126 . Received Heat Transfer 2900 | . 150 261 195 98 513 516 189 207 . 188 171 186 . . 18 . . 190 18 . Effects 4 | . . 1 . . . . . 1 . . 2 . . . . . . . . . Interference 3 | . . 1 . . . . . . . . 2 . . . . . . . . . Short Circuit 1 | . . . . . . . . 1 . . . . . . . . . . . . Siege Activations . | . . . . . . . . . . . . . . . . . . . . . Martial Activations . | . . . . . . . . . . . . . . . . . . . . . Shielding Activations . | . . . . . . . . . . . . . . . . . . . . . Robots Disrupted . | . . . . . . . . . . . . . . . . . . . . . Combat Hostiles . | . . . . . . . . . . . . . . . . . . . . . Robots Corrupted . | . . . . . . . . . . . . . . . . . . . . . Combat Hostiles . | . . . . . . . . . . . . . . . . . . . . . Parts Fried 1 | . . . . . . . . . . . . 1 . . . . . . . . Impact Corruptions . | . . . . . . . . . . . . . . . . . . . . . Robots Melted 16 | . 1 . . . . 2 . 3 . . 2 1 . . . . . 7 . . Combat Hostiles 14 | . 1 . . . . 2 . 2 . . 2 1 . . . . . 6 . . Parts Melted 72 | . 1 . . . . 20 4 10 . 2 3 8 . . . . . 24 . . Heat Transferred 27886 | . 964 992 298 . . 6959 666 2787 . 830 2300 4000 . 1300 . . . 6790 . . Parts Sabotaged . | . . . . . . . . . . . . . . . . . . . . . Parts Stolen . | . . . . . . . . . . . . . . . . . . . . . Parts Stripped . | . . . . . . . . . . . . . . . . . . . . . Power Chain Reactions . | . . . . . . . . . . . . . . . . . . . . . Alert | -11 -10 -10 -9 -9 -8 -7 -7 -7 -7 -6 -6 -6 -5 -5 -5 -5 -4 -4 -4 -4 ------- Run | Yrd Mat Min Mat Min Mat Fac Low Low Dat Pro Fac Ext Fac Upp Upp Zhi Pro Fac Upp Upp Maximum Alert Level 3 | . . . 1 . 1 3 . . . . 1 . . . . . . 2 . . Low Security (%) 61 | 100 100 100 77 100 95 13 . . . . 96 100 100 . . . . 12 . . Level 1 19 | . . . 22 . 4 42 . . . . 3 . . . . . . 32 . . Level 2 18 | . . . . . . 40 . . . . . . . . . . . 55 . . Level 3 1 | . . . . . . 3 . . . . . . . . . . . . . . Level 4 . | . . . . . . . . . . . . . . . . . . . . . Level 5 . | . . . . . . . . . . . . . . . . . . . . . High Security . | . . . . . . . . . . . . . . . . . . . . . Max Security . | . . . . . . . . . . . . . . . . . . . . . Peak Influence 1028 | . 53 61 233 192 208 1028 . . . . 223 146 17 . . . . 659 . . Initial 105 | . . . . 65 8 64 . . . . 17 105 . . . . . 100 . . Average 193 | . 8 13 147 70 107 380 . . . . 42 58 1 . . . . 397 . . Influence Increases 7354 | . 132 362 655 242 450 1724 120 230 . 150 576 446 43 380 100 . 310 1314 120 . Destroy 0b10 Robot/C 4360 | . 80 240 360 180 320 820 100 200 . 120 400 260 . 320 60 . 280 620 . . Destroy 0b10 Robot/NC 235 | . 5 5 50 . 30 70 . . . 10 5 15 . . . . . 45 . . Destroy Leader 822 | . 22 40 112 20 78 216 20 30 . 20 80 32 . 30 10 . 30 82 . . Allied During Kill 104 | . . 47 25 . . . . . . . . 32 . . . . . . . . Successful Hack 159 | . 10 . . . 4 95 . . . . 21 . 12 . . . . 17 . . Select Force Hacks 60 | . . . 60 . . . . . . . . . . . . . . . . . Disable Machine 795 | . . . 45 . . 360 . . . . 30 60 15 . . . . 285 . . Destroy Structure 399 | . . . 3 42 3 58 . . . . 40 17 16 . . . . 220 . . Lose Combat Pursuer 420 | . 15 30 . . 15 105 . . . . . 30 . 30 30 . . 45 120 . Influence Decreases 7074 | . 132 362 486 389 329 839 793 585 . 122 387 663 32 326 165 . 150 830 319 165 Entered New Map 1171 | . . . . 104 14 79 381 68 . . 11 112 . 5 13 . . 60 239 85 Time Decay 5056 | . 122 262 454 275 295 690 392 457 . 82 305 427 32 321 142 . 140 510 80 70 Lost Part 621 | . 10 20 17 10 20 70 20 60 . 40 40 24 . . 10 . 10 260 . 10 Lost Ally 195 | . . 80 15 . . . . . . . . 100 . . . . . . . . Purge Threat 31 | . . . . . . . . . . . 31 . . . . . . . . . Squads Dispatched 36 | . 1 2 6 . 2 12 . . . . 5 2 2 . . . . 4 . . Investigation 8 | . 1 . 2 . . 1 . . . . 2 1 . . . . . 1 . . Extermination 17 | . . . . . . 10 . . . . 3 . 1 . . . . 3 . . Reinforcement 9 | . . . 4 . 2 1 . . . . . 1 1 . . . . . . . Assault 2 | . . 2 . . . . . . . . . . . . . . . . . . Garrison . | . . . . . . . . . . . . . . . . . . . . . Intercept . | . . . . . . . . . . . . . . . . . . . . . Searches Triggered . | . . . . . . . . . . . . . . . . . . . . . Data Miner Redirects 1 | . . . . . . . . . . . . . . . . . . 1 . . Construction Impeded . | . . . . . . . . . . . . . . . . . . . . . Haulers Reinforced . | . . . . . . . . . . . . . . . . . . . . . Active Scanning Responses . | . . . . . . . . . . . . . . . . . . . . . Cargo Convoy Interrupts 1 | . . . . . . . . . . . . . . . . . . 1 . . Stealth | -11 -10 -10 -9 -9 -8 -7 -7 -7 -7 -6 -6 -6 -5 -5 -5 -5 -4 -4 -4 -4 --------- Run | Yrd Mat Min Mat Min Mat Fac Low Low Dat Pro Fac Ext Fac Upp Upp Zhi Pro Fac Upp Upp Distress Signals 13 | . 1 . 2 . 1 2 . . . . 1 2 . . . . . 4 . . Communications Jammed 2 | . . . . . . . . . . . . . 2 . . . . . . . Distress Signals . | . . . . . . . . . . . . . . . . . . . . . Times Spotted 345 | . 5 13 34 31 24 55 5 14 . 7 23 22 4 14 11 . 13 54 7 9 Peak Tracking Total 19 | . 2 3 4 19 6 6 4 4 . 3 6 3 2 4 5 . 5 15 8 9 Tactical Retreats 26 | . 1 2 . 1 1 5 . . . . . 2 2 2 4 . 1 2 3 . ECM-based Alert Blocks 6 | . . . . . . . . . . . . . 3 . 2 . 1 . . . Traps | -11 -10 -10 -9 -9 -8 -7 -7 -7 -7 -6 -6 -6 -5 -5 -5 -5 -4 -4 -4 -4 ------- Run | Yrd Mat Min Mat Min Mat Fac Low Low Dat Pro Fac Ext Fac Upp Upp Zhi Pro Fac Upp Upp Traps Triggered 16 | . 2 . 1 . 1 6 . . . . 1 2 . . . . . 3 . . Indirectly . | . . . . . . . . . . . . . . . . . . . . . Trap Hack Attempts . | . . . . . . . . . . . . . . . . . . . . . Triggered . | . . . . . . . . . . . . . . . . . . . . . Disarmed . | . . . . . . . . . . . . . . . . . . . . . Reprogrammed . | . . . . . . . . . . . . . . . . . . . . . Reused . | . . . . . . . . . . . . . . . . . . . . . Traps Extracted . | . . . . . . . . . . . . . . . . . . . . . Installed . | . . . . . . . . . . . . . . . . . . . . . Triggered . | . . . . . . . . . . . . . . . . . . . . . Machines | -11 -10 -10 -9 -9 -8 -7 -7 -7 -7 -6 -6 -6 -5 -5 -5 -5 -4 -4 -4 -4 ---------- Run | Yrd Mat Min Mat Min Mat Fac Low Low Dat Pro Fac Ext Fac Upp Upp Zhi Pro Fac Upp Upp Machines Disabled 55 | . . . 3 1 . 24 1 . . . 2 4 1 . . . . 19 . . Max in Single Turn 19 | . . . 1 1 . 19 1 . . . 1 3 1 . . . . 11 . . Energy Cycler 1 | . . . . . . . . . . . . 1 . . . . . . . . Machines Repaired . | . . . . . . . . . . . . . . . . . . . . . Machines Dismantled . | . . . . . . . . . . . . . . . . . . . . . Machines Sabotaged . | . . . . . . . . . . . . . . . . . . . . . Overloaded Fab Kills . | . . . . . . . . . . . . . . . . . . . . . Hacking | -11 -10 -10 -9 -9 -8 -7 -7 -7 -7 -6 -6 -6 -5 -5 -5 -5 -4 -4 -4 -4 --------- Run | Yrd Mat Min Mat Min Mat Fac Low Low Dat Pro Fac Ext Fac Upp Upp Zhi Pro Fac Upp Upp Machines Accessed 56 | . 3 1 5 . 1 14 . . 4 1 7 4 3 2 . 4 . 6 . 1 Terminals 28 | . 2 . 2 . 1 9 . . . 1 5 4 . . . . . 4 . . Fabricators 4 | . . . . . . . . . . . 2 . 1 . . . . 1 . . Repair Stations . | . . . . . . . . . . . . . . . . . . . . . Recycling Units 7 | . 1 . 2 . . 3 . . . . . . . . . . . 1 . . Scanalyzers 4 | . . . 1 . . 2 . . . . . . 1 . . . . . . . Garrison Access 1 | . . . . . . . . . . . . . 1 . . . . . . . Total Hacks 156 | . 8 1 9 . 3 31 . . 26 2 21 6 9 7 . 17 . 15 . 1 Successful 93 | . 3 1 4 . 2 15 . . 26 2 10 . 1 7 . 17 . 4 . 1 Failed 63 | . 5 . 5 . 1 16 . . . . 11 6 8 . . . . 11 . . Catastrophic 15 | . 1 . . . . 5 . . . . 2 3 3 . . . . 1 . . Database Lockouts . | . . . . . . . . . . . . . . . . . . . . . Manual 56 | . 8 . 8 . 1 10 . . . . 13 5 . . . . . 11 . . Terminals 67 | . 5 . 5 . 3 18 . . . 2 16 6 . . . . . 12 . . Fabricators 10 | . . . . . . . . . . . 5 . 3 . . . . 2 . . Repair Stations . | . . . . . . . . . . . . . . . . . . . . . Recycling Units 10 | . 3 . 3 . . 3 . . . . . . . . . . . 1 . . Scanalyzers 14 | . . . 1 . . 10 . . . . . . 3 . . . . . . . Garrison Access 3 | . . . . . . . . . . . . . 3 . . . . . . . Terminal Hacks 61 | . 1 1 . . 1 2 . . 26 2 2 . . 7 . 17 . 1 . 1 Record 24 | . . . . . . . . . 11 2 . . . 6 . 5 . . . . Part Schematic 15 | . . . . . . 1 . . 8 . 1 . . . . 4 . 1 . . Robot Schematic 4 | . . . . . . . . . 4 . . . . . . . . . . . Robot Analysis 6 | . 1 . . . 1 . . . . . . . . . . 4 . . . . Prototype ID Bank 7 | . . . . . . . . . 3 . . . . . . 4 . . . . Open Door 3 | . . 1 . . . . . . . . . . . 1 . . . . . 1 Branch Access Points 1 | . . . . . . 1 . . . . . . . . . . . . . . Unreport Threat 1 | . . . . . . . . . . . 1 . . . . . . . . . Fabricator Hacks 5 | . . . . . . . . . . . 4 . . . . . . 1 . . Load Schematic 2 | . . . . . . . . . . . 2 . . . . . . . . . Build 3 | . . . . . . . . . . . 2 . . . . . . 1 . . Repair Station Hacks . | . . . . . . . . . . . . . . . . . . . . . Recycling Unit Hacks 2 | . . . . . . 2 . . . . . . . . . . . . . . Retrieve Components 2 | . . . . . . 2 . . . . . . . . . . . . . . Scanalyzer 9 | . . . 1 . . 7 . . . . . . 1 . . . . . . . Retrieve Study 9 | . . . 1 . . 7 . . . . . . 1 . . . . . . . Garrison Access Hacks . | . . . . . . . . . . . . . . . . . . . . . Unauthorized Hacks 16 | . 2 . 3 . 1 4 . . . . 4 . . . . . . 2 . . Terminals 14 | . 2 . 1 . 1 4 . . . . 4 . . . . . . 2 . . Assimilate 1 | . . . . . . . . . . . 1 . . . . . . . . . Botnet 13 | . 2 . 1 . 1 4 . . . . 3 . . . . . . 2 . . Fabricators . | . . . . . . . . . . . . . . . . . . . . . Repair Stations . | . . . . . . . . . . . . . . . . . . . . . Recycling Units 2 | . . . 2 . . . . . . . . . . . . . . . . . Tunnel 2 | . . . 2 . . . . . . . . . . . . . . . . . Scanalyzers . | . . . . . . . . . . . . . . . . . . . . . Garrison Access . | . . . . . . . . . . . . . . . . . . . . . Data Cores Recovered 3 | . . . . . . 1 . . . . . 1 . . . . . 1 . . Used 2 | . . . . . . 1 . . . . . . . . . . . 1 . . Hacking Detections 40 | . 3 . 3 . 1 12 . . . 1 7 4 3 . . . . 6 . . Full Trace Events 4 | . 1 . . . . 1 . . . . 2 . . . . . . . . . Feedback Events . | . . . . . . . . . . . . . . . . . . . . . Feedback Blocked . | . . . . . . . . . . . . . . . . . . . . . Robot Schematics Acquired 4 | . . . . . . . . . 4 . . . . . . . . . . . Robots Built . | . . . . . . . . . . . . . . . . . . . . . Authchips . | . . . . . . . . . . . . . . . . . . . . . Time . | . . . . . . . . . . . . . . . . . . . . . Total Robot Build Rating . | . . . . . . . . . . . . . . . . . . . . . Part Schematics Acquired 15 | . . . . . . 1 . . 8 . 1 . . . . 4 . 1 . . Parts Built 6 | . . . . . . . . . . . 4 . . . . . . 2 . . Authchips . | . . . . . . . . . . . . . . . . . . . . . Time 199 | . . . . . . . . . . . 141 . . . . . . 58 . . Total Part Build Rating 38 | . . . . . . . . . . . 24 . . . . . . 14 . . Part Studies Acquired 9 | . . . 1 . . 7 . . . . . . 1 . . . . . . . Parts Repaired . | . . . . . . . . . . . . . . . . . . . . . Time . | . . . . . . . . . . . . . . . . . . . . . Parts Recycled . | . . . . . . . . . . . . . . . . . . . . . Recycled Matter . | . . . . . . . . . . . . . . . . . . . . . Retrieved Matter . | . . . . . . . . . . . . . . . . . . . . . Retrieved Components 13 | . . . . . . 13 . . . . . . . . . . . . . . Parts Scanalyzed . | . . . . . . . . . . . . . . . . . . . . . Part Schematics Acquired . | . . . . . . . . . . . . . . . . . . . . . Parts Damaged . | . . . . . . . . . . . . . . . . . . . . . Bothacking | -11 -10 -10 -9 -9 -8 -7 -7 -7 -7 -6 -6 -6 -5 -5 -5 -5 -4 -4 -4 -4 ------------ Run | Yrd Mat Min Mat Min Mat Fac Low Low Dat Pro Fac Ext Fac Upp Upp Zhi Pro Fac Upp Upp Used RIF Installer . | . . . . . . . . . . . . . . . . . . . . . Robots Hacked . | . . . . . . . . . . . . . . . . . . . . . Non-combat . | . . . . . . . . . . . . . . . . . . . . . Combat . | . . . . . . . . . . . . . . . . . . . . . Robot Hacks Applied . | . . . . . . . . . . . . . . . . . . . . . Relay Couplers Released 4 | . . . . . . . . . . . . . . . . . . 4 . . Programmers 4 | . . . . . . . . . . . . . . . . . . 4 . . Fabnet Peak Effective % . | . . . . . . . . . . . . . . . . . . . . . Robots Rewired 4 | . . . . . . . . . . . . 4 . . . . . . . . Allies Hacked . | . . . . . . . . . . . . . . . . . . . . . Hacks Repelled . | . . . . . . . . . . . . . . . . . . . . . Allies | -11 -10 -10 -9 -9 -8 -7 -7 -7 -7 -6 -6 -6 -5 -5 -5 -5 -4 -4 -4 -4 -------- Run | Yrd Mat Min Mat Min Mat Fac Low Low Dat Pro Fac Ext Fac Upp Upp Zhi Pro Fac Upp Upp Total Allies 16 | . . 7 . 1 . . . . . . 1 6 . . . . . . . 1 Largest Group 5 | . . 5 2 1 . . . . . . 1 4 . . . . . . . 1 Highest-Rated Group 127 | . . 90 30 31 . . . . . . 10 110 . . . . . . . 127 Highest-Rated Ally 127 | . . 31 16 31 . . . . . . 10 39 . . . . . . . 127 Total Orders 2 | . . . . . . . . . . . . 2 . . . . . . . . STAY 1 | . . . . . . . . . . . . 1 . . . . . . . . FOLLOW 1 | . . . . . . . . . . . . 1 . . . . . . . . Ally Attacks 96 | . . 50 26 1 . . . . . . . 19 . . . . . . . . Total Damage 1554 | . . 613 660 21 . . . . . . . 260 . . . . . . . . Kills 20 | . . 8 11 . . . . . . . . 1 . . . . . . . . Allies Corrupted . | . . . . . . . . . . . . . . . . . . . . . Allies Melted 1 | . . . . . . . . . . . . 1 . . . . . . . . Intel | -11 -10 -10 -9 -9 -8 -7 -7 -7 -7 -6 -6 -6 -5 -5 -5 -5 -4 -4 -4 -4 ------- Run | Yrd Mat Min Mat Min Mat Fac Low Low Dat Pro Fac Ext Fac Upp Upp Zhi Pro Fac Upp Upp Active Infowar (turns) 9678 | . . . . . . 4051 361 . . 485 1547 318 559 899 838 248 363 . 9 . Sensors 9639 | . . . . . . 4051 361 . . 485 1547 318 559 899 838 248 333 . . . Cloaking 814 | . . . . . . . . . . . . . . . 366 118 330 . . . Jamming 19 | . . . . . . . . . . . . . 10 . . . . . 9 . ECM 127 | . . . . . . . . . . . . . 52 . 45 . 30 . . . Robot Analysis Total 6 | . 1 . . . 1 . . . . . . . . . . 4 . . . . Derelict Logs Recovered 17 | . . 3 . 1 . . 1 2 . 3 . . . 1 . . 2 . 3 1 Drone Launches . | . . . . . . . . . . . . . . . . . . . . . Drone Recoveries . | . . . . . . . . . . . . . . . . . . . . . Exploration | -11 -10 -10 -9 -9 -8 -7 -7 -7 -7 -6 -6 -6 -5 -5 -5 -5 -4 -4 -4 -4 ------------- Run | Yrd Mat Min Mat Min Mat Fac Low Low Dat Pro Fac Ext Fac Upp Upp Zhi Pro Fac Upp Upp Turns Passed 20165 | 71 822 1172 1304 793 761 4508 922 1228 151 587 1728 1176 559 899 838 248 691 1397 161 149 Spaces Moved 10790 | 41 322 577 639 443 248 2103 372 505 89 315 885 700 395 666 640 157 475 644 279 295 Core 584 | 4 . . . . . . . . . . . . . . . . . 6 279 295 Treads 5899 | 37 322 323 551 443 248 2103 372 505 89 315 583 . . . . . . 8 . . Legs 3965 | . . . . . . . . . . . 302 700 395 666 640 157 475 630 . . Wheels 342 | . . 254 88 . . . . . . . . . . . . . . . . . Hover . | . . . . . . . . . . . . . . . . . . . . . Flight . | . . . . . . . . . . . . . . . . . . . . . Fastest Speed 50 | 50 160 110 110 160 160 163 237 212 162 162 120 118 118 118 118 120 120 50 50 50 Average Speed 156 | 149 228 182 167 161 203 176 239 221 165 166 154 122 120 118 120 148 120 154 50 50 Slowest Speed 349 | 160 240 240 240 200 232 250 243 225 212 212 200 124 123 118 193 193 193 349 50 50 Overloaded Moves . | . . . . . . . . . . . . . . . . . . . . . Propulsion Burnouts . | . . . . . . . . . . . . . . . . . . . . . Robots Hopped . | . . . . . . . . . . . . . . . . . . . . . Potential Cave-ins . | . . . . . . . . . . . . . . . . . . . . . Cave-ins Triggered . | . . . . . . . . . . . . . . . . . . . . . Exploration Rate (%) 55 | 3 44 96 67 98 28 59 57 73 68 58 18 83 11 73 79 62 66 18 57 48 Regions Visited 20 Branch Regions 13 Pre-discovered Areas 11 | . . 1 2 1 . . . . 1 . . . . 2 . 3 . . 1 . Known Exits Taken 13 | . . . . . . 1 1 1 1 1 1 1 1 1 1 1 1 1 . . Unknown Exits Taken 7 | 1 1 1 1 1 1 . . . . . . . . . . . . . 1 . Scrap Searched 19 | . . 1 . 2 . . 2 4 . 2 . . . 2 3 . 2 . 1 . Spaces Dug 47 | . . . . . . 8 . . . . 17 . 7 2 2 . . 11 . . Terrain Destroyed 678 | . . . . 64 . 49 . . . 40 38 18 8 151 38 . 164 108 . . Melee . | . . . . . . . . . . . . . . . . . . . . . Projectile 120 | . . . . . . 11 . . . 1 38 15 8 15 4 . . 28 . . AOE 558 | . . . . 64 . 38 . . . 39 . 3 . 136 34 . 164 80 . . Terrain Rammed . | . . . . . . . . . . . . . . . . . . . . . Walls Destroyed . | . . . . . . . . . . . . . . . . . . . . . Machines Disabled . | . . . . . . . . . . . . . . . . . . . . . Actions | -11 -10 -10 -9 -9 -8 -7 -7 -7 -7 -6 -6 -6 -5 -5 -5 -5 -4 -4 -4 -4 --------- Run | Yrd Mat Min Mat Min Mat Fac Low Low Dat Pro Fac Ext Fac Upp Upp Zhi Pro Fac Upp Upp Total 12998 | 48 367 655 785 488 373 2683 385 556 94 352 1161 938 468 724 703 174 571 877 300 296 Wait 1043 | . 14 50 50 3 26 350 . 9 . 15 117 140 42 19 37 . 70 83 18 . Move 10771 | 40 321 576 638 442 247 2102 371 504 88 314 884 699 394 665 639 156 474 644 278 295 Hop . | . . . . . . . . . . . . . . . . . . . . . Pick Up 145 | 2 4 4 25 5 8 34 2 4 . 1 22 4 7 1 3 3 . 14 2 . Fast Attach 56 | 6 1 2 2 . 2 6 . 1 1 . 11 3 3 2 2 4 2 8 . . Attach 91 | . 3 2 4 1 5 13 2 7 2 4 9 6 5 . 5 1 2 19 1 . Detach 12 | . . . 2 . . . . . . . 2 . 1 . 4 1 2 . . . Swap 111 | . 1 1 9 6 10 31 1 3 . 5 15 10 3 2 3 2 2 7 . . Drop 137 | . 1 1 13 8 14 36 . 2 3 . 25 8 5 2 5 7 1 5 1 . Fire 597 | . 22 19 42 23 61 111 9 26 . 13 71 39 8 33 5 . 18 97 . . Melee . | . . . . . . . . . . . . . . . . . . . . . Ram 1 | . . . . . . . . . . . . . . . . . . . . 1 Kick . | . . . . . . . . . . . . . . . . . . . . . Crush 5 | . . . . . . . . . . . 5 . . . . . . . . . Escape Stasis 3 | . . . . . . . . . . . . 3 . . . . . . . . Rewire 26 | . . . . . . . . . . . . 26 . . . . . . . . Trap . | . . . . . . . . . . . . . . . . . . . . . Miscellaneous . | . . . . . . . . . . . . . . . . . . . . . Route ------- -11/Scrapyard -10/Materials (discovered 3 exits: *Mat / *Min / [*Sub]) -10/Mines (discovered 2 exits: *Mat x2) -9/Materials (discovered 3 exits: *Mat x2 / [*Min]) -9/Mines (discovered 2 exits: *Mat x2) -8/Materials -7/Factory (discovered 6 exits: *Fac x3 / *Sto / *Low x2) -7/Lower Caves -7/Lower Caves -7/Data Miner -6/Proximity Caves -6/Factory (discovered 3 exits: *Fac / *Low / *Ext) -6/Extension (discovered 3 exits: *Fac x2 / *Cet) -5/Factory -5/Upper Caves -5/Upper Caves (discovered 2 exits: *Fac / *Zhi) -5/Zhirov -4/Proximity Caves -4/Factory (discovered 4 exits: *Res x3 / *Upp) -4/Upper Caves -4/Upper Caves History --------- Turn | Location | Event 5 | -11/Scrapyard | Discovered new exit (range 14) 72 | -11/Scrapyard | Entered Materials 73 | -10/Materials | Met a group of wandering Federalists 152 | -10/Materials | Discovered new exit (range 10) 309 | -10/Materials | Build established: Mutant 540 | -10/Materials | Discovered new exit (range 12) 817 | -10/Materials | Discovered new exit (range 9) 894 | -10/Materials | Entered Mines 895 | -10/Mines | Met a Derelict testing a Signal Generator 945 | -10/Mines | Found a damaged Exp. Sensor Array with a note attached 1103 | -10/Mines | Assisted by bots powering up and referring to "LRC-V3" 1162 | -10/Mines | Escorted by a lone wolf Derelict 1169 | -10/Mines | Found DCF Scrap (15 items) 1182 | -10/Mines | Learned location of Storage (-7) 1451 | -10/Mines | Discovered new exit (range 6) 1474 | -10/Mines | Met a Derelict who couldn't figure out how to use a Trap Extractor 1865 | -10/Mines | Discovered new exit (range 13) 1878 | -10/Mines | Learned Materials terminal intel 1960 | -10/Mines | Found a Scrap Suit stashed away for nefarious purposes 2066 | -10/Mines | Entered Materials 2066 | -9/Materials | Accompanied by 2 allies 2066 | -9/Materials | Evolved 2 slots: Propulsion x1, Weapon x1 2067 | -9/Materials | Loaded intel: 12 terminal locations 2320 | -9/Materials | Discovered new exit (range 7) 2490 | -9/Materials | Build established: Scavenger-Tank 2730 | -9/Materials | Discovered new exit (range 10) 2870 | -9/Materials | Build established: Scavenger-Gunner 3023 | -9/Materials | Discovered new exit (range 15) 3370 | -9/Materials | Entered Mines 3373 | -9/Mines | Received a Mining Laser from a helpful Derelict 3518 | -9/Mines | Joined a pair of Derelicts in attacking an 0b10 outpost 3677 | -9/Mines | Assembled infested the area 3682 | -9/Mines | Assisted by a Guerilla fighting off Assembled 3768 | -9/Mines | Destroyed 22 combat bots 4067 | -9/Mines | Discovered new exit (range 6) 4123 | -9/Mines | Discovered new exit (range 7) 4163 | -9/Mines | Entered Materials 4163 | -8/Materials | Evolved 2 slots: Utility x2 4471 | -8/Materials | Build established: Scavenger-Tank 4792 | -8/Materials | Discovered new exit (range 4) 4924 | -8/Materials | Entered Factory 4924 | -7/Factory | Evolved 2 slots: Propulsion x1, Utility x1 4925 | -7/Factory | Identified exit to Storage 5329 | -7/Factory | Build established: Scavenger-Skirmisher 6245 | -7/Factory | Build established: Skirmisher 7430 | -7/Factory | Discovered new exit (range 7) 7440 | -7/Factory | Identified exit to Factory 7767 | -7/Factory | Discovered exit to Factory (range 13) 8462 | -7/Factory | System corruption reached 10% 8654 | -7/Factory | Discovered exit to Factory (range 15) 8964 | -7/Factory | Identified exit to Lower Caves 9112 | -7/Factory | Build established: Tank 9221 | -7/Factory | Found Prototype Launcher 9221 | -7/Factory | Identified Rocket Array 9432 | -7/Factory | Entered Lower Caves 9826 | -7/Lower Caves | Identified exit to Lower Caves 10216 | -7/Lower Caves | Acquired the password to a Derelict Tinkerer's latest research 10354 | -7/Lower Caves | Entered another Lower Caves area 10580 | -7/Lower Caves | Encountered a Warlord checkpoint 10669 | -7/Lower Caves | Build established: Scavenger-Tank 10882 | -7/Lower Caves | Learned 4 Factory zone layouts 11196 | -7/Lower Caves | Learned 8 Factory zone layouts 11208 | -7/Lower Caves | Ambushed by wild Derelicts 11525 | -7/Lower Caves | Discovered new exit (range 6) 11582 | -7/Lower Caves | Identified exit to Data Miner 11582 | -7/Lower Caves | Entered Data Miner 11584 | -7/Data Miner | Discovered new exit (range 6) 11615 | -7/Data Miner | Met Data Miner 11644 | -7/Data Miner | Learned location of Section 7 (-2) 11644 | -7/Data Miner | Acquired the access code to Warlord's prototype stash 11670 | -7/Data Miner | Received God Mode back door access code from Data Miner 11730 | -7/Data Miner | Identified exit to Proximity Caves 11733 | -7/Data Miner | Entered Proximity Caves 12007 | -6/Proximity Caves | Build established: Scavenger-Skirmisher 12050 | -6/Proximity Caves | Learned Factory machine intel 12055 | -6/Proximity Caves | Learned location of 1 exit from Lower Caves 12198 | -6/Proximity Caves | Learned 4 Factory zone layouts 12260 | -6/Proximity Caves | Discovered exit to Factory (range 11) 12273 | -6/Proximity Caves | Lost 4 parts (1n3w) 12320 | -6/Proximity Caves | Entered Factory 12320 | -6/Factory | Evolved 2 slots: Propulsion x2 12322 | -6/Factory | Loaded intel: 267 machine locations 12663 | -6/Factory | Discovered new exit (range 15) 12685 | -6/Factory | Identified exit to Factory 12743 | -6/Factory | Discovered new exit (range 4) 12777 | -6/Factory | Identified exit to Lower Caves 13230 | -6/Factory | Fabricated Thunder Leg? 13809 | -6/Factory | Build established: Skirmisher 13926 | -6/Factory | Discovered new exit (range 6) 13931 | -6/Factory | Identified exit to Extension 13999 | -6/Factory | Fabricated Thunder Leg (x2) 14048 | -6/Factory | Entered Extension 14088 | -6/Extension | Rescued a captive Derelict 14089 | -6/Extension | Rescued a captive Derelict 14109 | -6/Extension | Energy Cycler disabled 14109 | -6/Extension | Rescued a captive Derelict 14110 | -6/Extension | Rescued a captive Derelict 14110 | -6/Extension | Rescued a captive Derelict 14111 | -6/Extension | Rescued a captive Derelict 14111 | -6/Extension | Rescued a captive Derelict 14113 | -6/Extension | Rescued a captive Derelict 14113 | -6/Extension | Rescued a captive Derelict 14113 | -6/Extension | Rescued a captive Derelict 14114 | -6/Extension | Rescued a captive Derelict 14117 | -6/Extension | Rescued a captive Derelict 14124 | -6/Extension | Rescued a captive Derelict 14415 | -6/Extension | Spotted B-75 Beast 14758 | -6/Extension | Destroyed B-75 Beast 14763 | -6/Extension | Spotted B-75 Beast 14855 | -6/Extension | Lost 3 parts (1p1u1w) 14928 | -6/Extension | Destroyed B-75 Beast 14931 | -6/Extension | Discovered exit to Factory (range 14) 14973 | -6/Extension | Extracted ID and sensor layout for unrecognized location from A7's data core 15213 | -6/Extension | Discovered exit to Factory (range 10) 15215 | -6/Extension | Discovered new exit (range 6) 15221 | -6/Extension | Identified exit to Cetus 15224 | -6/Extension | Entered Factory 15224 | -5/Factory | Evolved 2 slots: Power x1, Propulsion x1 15379 | -5/Factory | Build established: Scavenger-Skirmisher 15775 | -5/Factory | Discovered new exit (range 8) 15779 | -5/Factory | Identified exit to Upper Caves 15783 | -5/Factory | Entered Upper Caves 15976 | -5/Upper Caves | Encountered a Warlord checkpoint 16315 | -5/Upper Caves | Attracted the attention of an 0b10 checkpoint 16493 | -5/Upper Caves | Entered an active Warlord outpost 16507 | -5/Upper Caves | Learned location of Armory (-4) 16507 | -5/Upper Caves | Learned location of 1 exit from Research 16507 | -5/Upper Caves | Learned Research stockpile data 16507 | -5/Upper Caves | Learned Armory security intel 16617 | -5/Upper Caves | Learned Factory stockpile data 16669 | -5/Upper Caves | Discovered new exit (range 5) 16675 | -5/Upper Caves | Identified exit to Upper Caves 16682 | -5/Upper Caves | Entered another Upper Caves area 16700 | -5/Upper Caves | Discovered new exit (range 8) 16711 | -5/Upper Caves | Identified exit to Factory 17506 | -5/Upper Caves | Discovered new exit (range 7) 17518 | -5/Upper Caves | Attracted the attention of an 0b10 outpost 17518 | -5/Upper Caves | Identified exit to Zhirov 17520 | -5/Upper Caves | Entered Zhirov 17520 | -5/Zhirov | Discovered new exit (range 3) 17543 | -5/Zhirov | Met Zhirov 17565 | -5/Zhirov | Learned location of Quarantine (-2) 17565 | -5/Zhirov | Learned location of Testing (-3) 17565 | -5/Zhirov | Learned location of Command (-1) 17589 | -5/Zhirov | Zhirov requested help retrieving the SGEMP Prototype 17607 | -5/Zhirov | Found Alien Artifact 17607 | -5/Zhirov | Identified Integrated Dissipator 17607 | -5/Zhirov | Installed Integrated Dissipator, increased core heat dissipation (+20) 17767 | -5/Zhirov | Identified exit to Proximity Caves 17768 | -5/Zhirov | Entered Proximity Caves 17929 | -4/Proximity Caves | Spotted B-86 Titan 18132 | -4/Proximity Caves | Lost 3 parts (1p2u) 18353 | -4/Proximity Caves | Learned Research emergency access door positions 18381 | -4/Proximity Caves | Attracted the attention of an 0b10 checkpoint 18395 | -4/Proximity Caves | Discovered exit to Factory (range 15) 18459 | -4/Proximity Caves | Entered Factory 18459 | -4/Factory | Evolved 2 slots: Propulsion x1, Utility x1 18689 | -4/Factory | Destroyed 9 combat bots 18694 | -4/Factory | Lost 3 parts (1p1n1u) 18731 | -4/Factory | Discovered new exit (range 11) 18825 | -4/Factory | Discovered new exit (range 6) 18831 | -4/Factory | Identified exit to Research 18969 | -4/Factory | Fabricated Adv. Reaction Control System (x2) 19012 | -4/Factory | Build established: Scavenger-Tank 19121 | -4/Factory | Lost 4 parts (2n1u1w) 19320 | -4/Factory | Discovered exit to Research (range 11) 19351 | -4/Factory | Incoming investigation squad redirected 19573 | -4/Factory | Discovered new exit (range 14) 19608 | -4/Factory | Identified exit to Upper Caves 19697 | -4/Factory | Lost 7 parts (1p4n1u1w) 19698 | -4/Factory | System corruption reached 10% 19848 | -4/Factory | Destroyed 7 combat bots 19852 | -4/Factory | Cargo convoy interrupted 19853 | -4/Factory | Spotted Striker 19853 | -4/Factory | Released all parts (11) 19853 | -4/Factory | Spotted B-86 Titan 19856 | -4/Factory | Entered Upper Caves 19870 | -4/Upper Caves | Attracted the attention of an 0b10 outpost 19876 | -4/Upper Caves | Core integrity fell below 50% 19882 | -4/Upper Caves | Lost 8 parts (3p1n2u2w) 19883 | -4/Upper Caves | Learned Research emergency access door positions 20005 | -4/Upper Caves | Build established: Mutant 20005 | -4/Upper Caves | Discovered new exit (range 12) 20015 | -4/Upper Caves | Learned 4 Research zone layouts 20017 | -4/Upper Caves | Entered another Upper Caves area 20048 | -4/Upper Caves | Learned Research trap positions 20156 | -4/Upper Caves | Core integrity fell below 20% 20166 | -4/Upper Caves | Destroyed by S-27 Virus with Autogun Last Messages --------------- 20005_ EXIT=FOUND 20015_ Acquired derelict log, extracted data. Data stored: Research zone layouts (x4). LOCATION=UNKNOWN GOAL=ESCAPE 20018_ System corrupted: Component data lost. 20034_ Connecting with WAR.Sys... 20034_ Current location identified: Upper Caves >>Open Door Sealed Heavy Doors opened. 20040_ System corrupted: Energy discharge (-32). 20048_ Acquired derelict log, extracted data. Data stored: Research trap records. 20061_ DK%Y &#PYSQGW% REBHS%81M 20107_ System corrupted: Matter fused (-9). 20123_ System corrupted: Energy discharge (-29). 20148_ LW& ECUTEFL7,AEOXUFPWNMOYZ A strange signal echoes through the caves. 20155_ Imp. Transmission Jammer destroyed. 20156_ Slammed into S-27 Virus. Map ----- +----------------------------------------------------+ | ?????????????????????????????????????????????????? | | ?????????????????????????????????????????????????? | | ?????????????????????????????????????????????????? | | ?????????????????????????????????????????????????? | | ?????????????????????????????????????????????????? | | ?????????????????????????????? ??????????????????? | | ?????????????????????????????# ??????????????????? | | ????????????????????????????? ??????????????????? | | ????????????????????????????# ?????????????? #?? | | ????????????????????????????# #???????????? #?? | | ????????????????????????##??# #????????????# ##? | | ???????????????????????# ## ???????????## #? | | ???????????????????????# ???###????## ## | | ????????????????????????# # ##### #????# # | | ?????????????????????????? # #????# # | | ??????????????????????????## ###### # | | ??????????????????????????# # # ## # | | ??????????????????????????# | | ??????????????????????????# # # | | ???????????????????????????# # # ### | | ????????????????????????????# # ####?# | | ????????????????????????????# #s##????## | | ??????????????????????????###s ##??????# # | | ?????????????????????????## s# ##??????## # | | ?????????? ###### sss ##??????######## | | ??????????????# $ @ #?????????# | | ??????????????# # # # #?????#### | | ??????????????## ########### #?????# | | ???????????????????????????? #????# | | ???????????????????????????? ###????# | | ??????????????????????????? # #?????# | | ???????????????????????????# ## #?????## ## | | ????????????????????????????#??#######??????# ?? | | ????????????????????????????????????????????# #?? | | ????????????????????????????????????????????###??? | | ?????????????????????????????????????????????????? | | ?????????????????????????????????????????????????? | | ?????????????????????????????????????????????????? | | ?????????????????????????????????????????????????? | | ?????????????????????????????????????????????????? | | ?????????????????????????????????????????????????? | | ?????????????????????????????????????????????????? | | ?????????????????????????????????????????????????? | | ?????????????????????????????????????????????????? | | ?????????????????????????????????????????????????? | | ?????????????????????????????????????????????????? | | ?????????????????????????????????????????????????? | | ?????????????????????????????????????????????????? | | ?????????????????????????????????????????????????? | | ?????????????????????????????????????????????????? | +----------------------------------------------------+ Best States ------------- Heat Dissipation 79 Energy Generation 35 Energy Capacity 505 Matter Stores 300 Matter Capacity 300 Sight Range 16 Robot Scan Range 15 Terrain Scan Density 10 ECM Strength 2 Jamming Range 14 Cloak Strength 3 Power Amplification 30 Base Temperature (-) 100 Armor Coverage 450 Resistance: KI 30 Resistance: TH 30 Evasion (%) 82 Targeting Accuracy 20 Core Analysis 6 Recoil Reduction 6 Particle Charging 30 Salvage Targeting 4 Offensive Hacking 14 Trap Extractor Capacity 8 Item Schematics ----------------- Thunder Leg | -7/Factory | Hacked Combat Drone Bay | -7/Data Miner | Free Lgt. Regenerative Plating | -7/Data Miner | Free Biomechanical Wings | -7/Data Miner | Free Exp. Targeting Computer | -7/Data Miner | Free Force Rifle | -7/Data Miner | Free Field Propulsion Drive | -7/Data Miner | Free Adv. Recoil Stabilizer | -7/Data Miner | Free Variable Charge Gun | -7/Data Miner | Free Thermic Laser | -6/Factory | Hacked Assault Drone Bay | -5/Zhirov | Free Exp. Optical Array | -5/Zhirov | Free Exp. Heat Sink | -5/Zhirov | Free Imp. Arc Thrower | -5/Zhirov | Free Enh. Hardcell Cannon | -4/Factory | Hacked Robot Schematics ------------------ C-17 Slicer | -7/Data Miner | Free G-47 Trooper | -7/Data Miner | Free I-36 Angel | -7/Data Miner | Free R-10 Processor | -7/Data Miner | Free Fabricated ------------ Thunder Leg | x2 | -6/Factory Thunder Leg | x2 | -6/Factory Adv. Reaction Control System | x2 | -4/Factory | Preloaded Repaired ---------- Nothing Studied --------- Lgt. Treads | -9/Materials | Hacked Gatling Laser | -7/Factory | Hacked Beam Rifle | -7/Factory | Hacked Field Laser | -7/Factory | Hacked Hvy. Laser | -7/Factory | Hacked Particle Gun | -7/Factory | Hacked Lgt. Angular Momentum Engine | -7/Factory | Hacked Plasma Cannon | -7/Factory | Hacked Thunder Leg | -5/Factory | Hacked Alien Tech Used ----------------- Integrated Dissipator Achievements -------------- None Challenges ------------ None Game ------ Seed ZeronetQuantumRay Manual? 0 Play Time 02:27:20 Cumulative 232.4 hours Start 2026.08.13 @ 00:44:53 End 2026.08.13 @ 12:59:17 Sessions 5 Manual Loads 0 Difficulty Rogue Special Mode None Game No. 233 Rogue 179 Adventurer 54 Explorer 0 Win Type - Total 10 Types 6/0/1/1/0/0/0/1/0/1 Lore% 74 Gallery% 62 Achievement% 58 Wizard Run 0 Options --------- Layout 1 ASCII 0 Keyboard 0 Movement Mouse Keybinds 1 Fullscreen 2 Font 32/Tamsyn Map View 50x35 Zoom Use 0% Tactical HUD 1 Map Filters NONE Filters NONE Steam 1 RUN: ba35946c-fea9-493c-8d11-f661b4726804